 Dungeon Crawl Stone Soup version 0.23.2-1-ga50397a6bc (webtiles) character file.

Game seed: 18345857776204267061

704 Mrkan the Carver (level 7, -1/44 HPs)
             Began as a Tengu Berserker on May 22, 2019.
             Was a Priest of Trog.
             Slain by a worker ant (2 damage)
             ... on level 5 of the Dungeon.
             The game lasted 00:05:40 (3086 turns).

Mrkan the Carver (Tengu Berserker)                  Turns: 3086, Time: 00:05:41

Health: -1/44      AC:  7    Str: 19    XL:     7   Next: 67%
Magic:  8/8        EV:  7    Int:  7    God:    Trog [***...]
Gold:   151        SH:  7    Dex: 14    Spells: 6/6 levels left

rFire    . . .     SeeInvis .   a - +0 falchion
rCold    . . .     Gourm    .   y - +0 shield
rNeg     . . .     Faith    .   n - +0 scale mail
rPois    .         Spirit   .   (helmet restricted)
rElec    .         Reflect  .   j - +0 cloak
rCorr    .         Harm     .   (no gloves)
MR       .....                  (boots unavailable)
Stlth    ..........             (no amulet)
HPRegen  0.14/turn              (no ring)
MPRegen  0.11/turn              (no ring)

@: lethally poisoned (-1 -> -7)
A: beak, talons 3, able to fly
a: Fly, Berserk, Trog's Hand, Renounce Religion


You were on level 5 of the Dungeon.
You worshipped Trog.
Trog was most pleased with you.
You were hungry.

You visited 1 branch of the dungeon, and saw 5 of its levels.

You collected 151 gold pieces.

Inventory:

Hand Weapons
 a - a +0 falchion (weapon)
Missiles
 t - 15 poisoned needles
Armour
 b - a +0 animal skin
 j - a +0 cloak (worn)
 n - a +0 scale mail (worn)
 y - a +0 shield (worn)
 F - a +0 pair of boots
Jewellery
 e - an uncursed ring of protection from fire {unknown}
 g - an uncursed ring of magical power {unknown}
 q - a +4 ring of protection {unknown}
 s - an uncursed ring of protection from cold {unknown}
 z - an uncursed ring of stealth {unknown}
Wands
 C - a wand of random effects (12)
Scrolls
 d - a scroll of teleportation {unknown}
 f - 2 scrolls of fear {unknown}
 i - a scroll of immolation {unknown}
 p - 4 scrolls of identify {unknown}
 r - 2 scrolls of remove curse {unknown}
 v - a scroll of enchant armour {unknown}
 x - a scroll of enchant weapon {unknown}
 A - a scroll of amnesia {unknown}
 B - a scroll of blinking {unknown}
 D - a scroll of fog {unknown}
Potions
 h - a potion of mutation {unknown}
 k - 2 potions of lignification {unknown}
 l - a potion of ambrosia {unknown}
 m - a potion of might {unknown}
 o - 4 potions of heal wounds {unknown}
 u - a potion of brilliance {unknown}
 w - a potion of resistance {unknown}
 E - a potion of berserk rage {unknown}
Comestibles
 c - 5 rations
 G - 4 chunks of flesh


   Skills:
 + Level 5.5 Fighting
 * Level 8.0 Long Blades
 - Level 2.1 Armour
 - Level 2.1 Dodging


You had 6 spell levels left.
You didn't know any spells.
Your spell library was empty.

Dungeon Overview and Level Annotations

Branches:
Dungeon (5/15)             Temple (0/1) D:4

Altars:
Dithmenos
Fedhas
Hepliaklqana
Nemelex Xobeh

Shops:
D:4 ?   D:5 !

Annotations:
D:3 1 runed translucent door, Mrkan's ghost, amateur OgFi


Innate Abilities, Weirdness & Mutations

You have a beak for a mouth.
You have claws for feet.
You can fly continuously.


Message History

The bullfrog zombie is almost destroyed.
You block the bullfrog zombie's attack.
You hit the bullfrog zombie. You claw the bullfrog zombie.
You peck the bullfrog zombie.
You destroy the bullfrog zombie!
Trog accepts your kill.
Your Long Blades skill increases to level 8!
Found a robe.
A worker ant comes into view.
The worker ant twitches its antennae in your direction.
The worker ant bites you.
* * * LOW HITPOINT WARNING * * *
You block the worker ant's attack. x2
The worker ant bites you.
* * * LOW HITPOINT WARNING * * *
You are lethally poisoned!
The worker ant poisons you!
* * * LOW HITPOINT WARNING * * *
You feel sick. The worker ant bites you.
You die...

#........
#........
#........
#...#....
#>.......
#........
##........
#.@.......
###..a..[...
###..).#......
#......##.....
....#...#
#....
..###...# #...
. #...## #..
##...# #.
#...#


You could see a worker ant.

Vanquished Creatures
  An ogre (D:5)
  A crocodile (D:5)
  3 howler monkeys
  A bullfrog zombie (D:5)
  2 hounds (D:4)
  A jelly (D:5)
  An orc wizard (D:3)
  2 worker ants (D:4)
  Robin (D:2)
  7 gnolls (D:4)
  7 adders
  An ooze (D:3)
  2 dart slugs
  A worm (D:3)
  3 leopard geckos
  5 orcs
  8 bats
  5 giant cockroaches
  10 goblins
  5 hobgoblins
  8 jackals
  3 kobolds
  2 ball pythons
  8 frilled lizards
  6 rats
94 creatures vanquished.

Notes
Turn   | Place    | Note
-------+----------+-------------------------------------------
     0 | D:1      | Mrkan the Tengu Berserker began the quest for the Orb.
     0 | D:1      | Reached XP level 1. HP: 14/14 MP: 2/2
    79 | D:1      | Reached XP level 2. HP: 17/19 MP: 3/3
   130 | D:1      | Reached skill level 4 in Long Blades
   817 | D:2      | Reached XP level 3. HP: 9/23 MP: 4/4
  1055 | D:2      | Reached ** piety under Trog
  1066 | D:2      | Noticed Robin
  1091 | D:2      | Killed Robin
  1348 | D:2      | Reached XP level 4. HP: 23/28 MP: 5/5
  1825 | D:3      | Reached skill level 5 in Long Blades
  1827 | D:3      | Found a hazy altar of Hepliaklqana.
  1896 | D:3      | Found a sparkling altar of Nemelex Xobeh.
  1897 | D:3      | Found a runed translucent door.
  1920 | D:3      | Gained mutation: You can fly continuously. [Tengu growth]
  1920 | D:3      | Reached XP level 5. HP: 17/33 MP: 6/6
  1937 | D:3      | Noticed Mrkan's ghost (amateur OgFi)
  2288 | D:4      | Reached skill level 6 in Long Blades
  2350 | D:4      | Reached *** piety under Trog
  2352 | D:4      | Reached XP level 6. HP: 39/39 MP: 7/7
  2468 | D:4      | Found a staircase to the Ecumenical Temple.
  2617 | D:4      | Found a blossoming altar of Fedhas.
  2690 | D:4      | Found a shadowy altar of Dithmenos.
  2787 | D:4      | Reached skill level 7 in Long Blades
  2813 | D:4      | Found Abbengoh's Magic Scroll Shoppe.
  2820 | D:4      | Reached skill level 5 in Fighting
  2820 | D:4      | Reached XP level 7. HP: 43/44 MP: 8/8
  2843 | D:5      | Entered Level 5 of the Dungeon
  2986 | D:5      | Found Wuepryxu's Distillery.
  3066 | D:5      | Reached skill level 8 in Long Blades
  3085 | D:5      | HP: 2/44 [worker ant (2)]
  3086 | D:5      | Slain by a worker ant

Skill      XL: |  1  2  3  4  5  6  7 |
---------------+----------------------+-----
Long Blades    | 4 5 6 7 8 |  8.0
Fighting       | 4 5 |  5.5
Armour         | |  2.1
Dodging        | |  2.1

Action                   |  1- 3 |  4- 6 |  7- 9 || total
-------------------------+-------+-------+-------++-------
Melee: Falchion          |    62 |   117 |    27 ||   206
       Kick              |    15 |    44 |    13 ||    72
       Peck              |    11 |    18 |     9 ||    38
Invok: Berserk           |     1 |     1 |       ||     2
       Trog's Hand       |       |     1 |       ||     1
 Abil: Fly               |       |       |     1 ||     1
       Stop Flying       |       |       |     1 ||     1
  Use: Potion            |       |     1 |       ||     1
  Eat: Chunk             |     2 |     6 |     1 ||     9
Armor: Animal skin       |    16 |       |       ||    16
       Scale mail        |     1 |    65 |    12 ||    78
Dodge: Dodged            |    41 |    64 |     9 ||   114
Block: Shield            |       |    18 |    15 ||    33
       Rpst.: Falchion   |    10 |    18 |     5 ||    33
